 Dungeon Crawl Stone Soup version 0.30-a0-862-g1aabd4f9c5 (webtiles) character file.

Game seed: 5324638099865368755

2096 Rocko1345 the Slasher (level 9, 0/136 HPs)
             Began as a Demonspawn Chaos Knight on Mar 8, 2023.
             Was a Plaything of Xom.
             Succumbed to a kobold brigand's poison
             ... on level 6 of the Dungeon.
             The game lasted 00:16:19 (5867 turns).

Rocko1345 the Slasher (Demonspawn Chaos Knight)     Turns: 5867, Time: 00:16:20

Health: 0/136      AC: 24    Str: 14    XL:     9   Next: 7%
Magic:  8/8        EV:  2    Int: 15    God:    Xom [.*....]
Gold:   187        SH:  0    Dex: 20    Spells: 8/8 levels left

rFire   . . .      SeeInvis .    a - +0 falchion (chaos)
rCold   . . .      Faith    .    (no shield)
rNeg    . . .      Spirit   .    k - melded +0 plate armour
rPois   +          Reflect  .    (helmet currently unavailable)
rElec   .          Rampage  .    (cloak currently unavailable)
rCorr   .          NoTele   +    (gloves currently unavailable)
Will    .....                    j - melded +0 pair of boots Stlth
                                 (no amulet)
HPRegen 0.42/turn                w - +6 ring of dexterity
MPRegen 0.11/turn                (no ring)

@: brilliant, berserking, lethally poisoned (0 -> -16), tree-form, very quick
A: stationary, stasis, torment immunity, boosted hp, (horns 1), foul stench 1,
(weakness stinger 2), (demonic touch 2), frail 1, low MP 1
a: Renounce Religion


You were on level 6 of the Dungeon.
You worshipped Xom.
You were a plaything of Xom.
You were a tree.
You visited 1 branch of the dungeon, and saw 8 of its levels.

You collected 343 gold pieces.
You spent 156 gold pieces at shops.

Inventory:

Hand Weapons
 a - a +0 falchion of chaos (weapon)
 B - a +2 flail of holy wrath
 K - a +5 halberd of freezing
Missiles
 d - 16 poisoned darts
 p - 4 atropa-tipped darts
 A - a throwing net
Armour
 b - a +2 leather armour
 h - a +0 scale mail
 j - a +0 pair of boots (melded)
 k - a +0 plate armour (melded)
 o - a +0 helmet
 C - an orb of guile
 F - a +3 leather armour of willpower
 G - the +5 robe of Misfortune {Harm *Corrode *Slow EV+5}
   (You found it on level 5 of the Dungeon)

   EV:        It affects your evasion (+5).
   *Corrode:  It may corrode you when you take damage.
   *Slow:     It may slow you when you take damage.
   Harm:      It increases damage dealt and taken.
Magical Staves
 y - a staff of poison
Jewellery
 w - a +6 ring of dexterity (left branch)
Wands
 D - a wand of flame (35)
Scrolls
 e - a scroll of vulnerability {unknown}
 f - a scroll of amnesia
 i - 3 scrolls of noise {unknown}
 n - 2 scrolls of silence
 q - a scroll of fear {unknown}
 t - 6 scrolls of teleportation
 H - 2 scrolls of torment
 M - a scroll of fog
Potions
 g - 2 potions of degeneration
 l - a potion of flight
 m - 2 potions of invisibility
 s - 2 potions of lignification
 u - a potion of cancellation {unknown}
 x - a potion of heal wounds {unknown}
 z - 2 potions of haste
 E - 3 potions of magic {unknown}
 I - a potion of resistance {unknown}
 J - a potion of might {unknown}
 L - a potion of curing
Miscellaneous
 c - a piece from Xom's chessboard (15/15) (quivered)


   Skills:
 + Level 5.4 Fighting
 + Level 7.5 Long Blades
 + Level 6.0 Armour
 + Level 2.9 Dodging
 + Level 2.1 Stealth
 * Level 2.2 Evocations


You had 8 spell levels left.
You didn't know any spells.
Your spell library was empty.

Dungeon Overview and Level Annotations

Branches:
Dungeon (8/15)             Temple (0/1) D:5
   Lair: D:8-11

Altars:
Fedhas
Wu Jian
Yredelemnul

Shops:
D:6 ?


Innate Abilities, Weirdness & Mutations

You are a tree.
Your roots penetrate the ground, keeping you stationary.
You cannot be teleported.
You are immune to unholy pain and torment.
Your maximum health is greatly increased.
Your equipment is partially melded.
((You have a pair of small horns on your head.))
You may rarely emit foul miasma when damaged in melee.
((You have a tail ending in a sharp stinger.))
((Your touch may inflict irresistible damage on your foes.))
You are frail. (-10% HP)
Your magical capacity is low. (-10% MP)


Message History

You kill the kobold!
The kobold's corpse disappears in a puff of smoke!
You feel extremely sick. The kobold hits you but does no damage.
The kobold brigand hits you with a +0 dagger of venom.
* * * LOW HITPOINT WARNING * * *
You are more poisoned.
You closely miss the kobold.
You touch the kobold.
You kill the kobold!
The kobold's corpse disappears in a puff of smoke!
* * * LOW HITPOINT WARNING * * *
You feel extremely sick. The kobold barely misses you.
The kobold brigand hits you with a +0 dagger of venom.
* * * LOW HITPOINT WARNING * * *
Really quaff the potion of lignification?
Okay, then.
There is a lethal amount of poison in your body!
Really quaff the potion of lignification?
You turn into a tree.
Your +0 pair of boots melds into your body.
Your +0 plate armour melds into your body.
Your roots penetrate the ground.
* * * LOW HITPOINT WARNING * * *
You feel extremely sick. The kobold hits you but does no damage.
The kobold brigand hits you but does no damage.
It was a potion of mutation.
You feel extremely strange.
You feel frail.
You feel less energetic.
* * * LOW HITPOINT WARNING * * *
You feel very sick. The kobold barely misses you.
The kobold brigand hits you with a +0 dagger of venom.
* * * LOW HITPOINT WARNING * * *
It was a potion of berserk rage.
A red film seems to cover your vision as you go berserk!
You feel yourself moving faster!
You feel mighty!
Xom is highly amused!
You die...
Xom howls with laughter!

.##### .....# .>...+
#################.....#.
#............[..$.......
###>######.......####### #.#
#.....).#.. #.# #..§.K.K#.#
##.######.....♣.#.# ###
#.......#.......#.# #######..+
#...............#.# #.......#
###.#####.........#.###.......##
#.................#.#..........#
#..........#........#.#........#
###.######.#...#..#...+........#
#.# #.#...#..#...#........+ #.#
#.#...#..#...#........#.


You could see a kobold brigand (summoned) and a kobold (summoned).

Vanquished Creatures
  Grinder (D:3)
  A fire bat (D:3)
  A water moccasin (D:5)
  A sky beast (D:7)
  A black bear (D:4)
  An ogre (D:6)
  A centaur (D:6)
  A kobold brigand (D:7)
  3 phantoms
  2 jellies (D:4)
  5 scorpions
  A wight (D:7)
  4 howler monkeys (D:7)
  2 orc priests
  Jessica (D:3)
  2 iguanas
  2 orc wizards
  Ijyb (D:5)
  Robin (D:3)
  4 adders (D:5)
  4 gnolls
  A shadow imp (D:5)
  3 worms
  3 dart slugs
  12 orcs
  6 endoplasms
  4 giant cockroaches
  14 goblins
  13 hobgoblins
  5 jackals
  8 kobolds
  2 quokkas
  8 ball pythons
  4 bats
  3 frilled lizards
  5 rats
131 creatures vanquished.

Vanquished Creatures (others)
  A fungus (D:3)
  7 plants (D:3)
8 creatures vanquished.

Grand Total: 139 creatures vanquished

Notes
Turn   | Place    | Note
-------+----------+-------------------------------------------
     0 | D:1      | Rocko1345 the Demonspawn Chaos Knight began the quest for
                  | the Orb.
     0 | D:1      | Reached XP level 1. HP: 18/18 MP: 1/1
   119 | D:1      | Reached skill level 3 in Long Blades
   166 | D:1      | XOM: silly message
   220 | D:1      | Discovered your monstrous ancestry.
   220 | D:1      | Gained mutation: You have a small tail. [demonic ancestry]
   220 | D:1      | Reached XP level 2. HP: 19/24 MP: 2/2
   299 | D:1      | XOM: silly message
   448 | D:1      | Reached skill level 1 in Dodging
   551 | D:1      | XOM: silly message
   675 | D:2      | Gained mutation: You may rarely emit foul miasma when
                  | damaged in melee. [demonic ancestry]
   675 | D:2      | Reached XP level 3. HP: 28/29 MP: 3/3
   877 | D:2      | XOM: divination: detect creatures
  1060 | D:2      | XOM: divination: magic mapping
  1277 | D:3      | Noticed Grinder
  1284 | D:3      | XOM: potion effect (haste)
  1292 | D:3      | Killed Grinder
  1293 | D:3      | Reached skill level 4 in Long Blades
  1293 | D:3      | Reached XP level 4. HP: 37/37 MP: 4/4
  1293 | D:3      | Gained mutation: You have a tail ending in a sharp stinger.
                  | [demonic ancestry]
  1293 | D:3      | Reached XP level 5. HP: 42/42 MP: 5/5
  1343 | D:3      | Gained mutation: You have a pair of small horns on your
                  | head. [demonic ancestry]
  1343 | D:3      | Reached XP level 6. HP: 46/48 MP: 6/6
  1369 | D:3      | a worm changed into a fire bat
  1369 | D:3      | Noticed a fire bat
  1381 | D:3      | Killed a fire bat
  1508 | D:3      | Noticed Jessica
  1528 | D:3      | Killed Jessica
  1529 | D:3      | Reached skill level 5 in Long Blades
  1562 | D:3      | XOM: divination: detect creatures
  1776 | D:3      | Reached skill level 1 in Stealth
  1872 | D:3      | Noticed Robin
  1892 | D:3      | Killed Robin
  1901 | D:3      | Gained mutation: Your touch may inflict minor irresistible
                  | damage on your foes. [demonic ancestry]
  1901 | D:3      | Reached XP level 7. HP: 46/54 MP: 7/7
  2035 | D:3      | Found a faded altar of an unknown god.
  2038 | D:3      | XOM: summons 4 hostile demons
  2039 | D:3      | Noticed a ynoxinul
  2394 | D:4      | XOM: 1-stop teleportation journey
  2761 | D:4      | XOM: stat loss: -1 Dex (10/12)
  2880 | D:4      | XOM: 6-stop teleportation journey
  3035 | D:4      | XOM: enchant monster (bad)
  3189 | D:4      | Reached skill level 6 in Long Blades
  3405 | D:5      | Entered Level 5 of the Dungeon
  3496 | D:5      | XOM: enchant monster (bad)
  3534 | D:5      | XOM: 2-stop teleportation journey
  3547 | D:5      | XOM: 1-stop teleportation journey
  3610 | D:5      | Found a blossoming altar of Fedhas.
  3705 | D:5      | XOM: chaos cloud
  3708 | D:5      | Gained mutation: Your touch may inflict irresistible damage
                  | on your foes. [demonic ancestry]
  3708 | D:5      | Reached XP level 8. HP: 53/61 MP: 8/8
  3736 | D:5      | Found a staircase to the Ecumenical Temple.
  3854 | D:5      | XOM: summons 5 hostile demons
  4197 | D:5      | Found the +5 robe of Misfortune {Harm *Corrode *Slow EV+5}
  4198 | D:5      | Noticed Ijyb
  4206 | D:5      | Killed Ijyb
  4783 | D:6      | You fall into a shaft and drop 2 floors!
  4968 | D:7      | Reached skill level 5 in Armour
  4972 | D:7      | Reached skill level 5 in Fighting
  5159 | D:7      | Found an ornate altar of the Wu Jian Council.
  5194 | D:7      | Reached skill level 7 in Long Blades
  5198 | D:7      | Reached skill level 1 in Evocations
  5210 | D:7      | XOM: silly message
  5310 | D:7      | Found a basalt altar of Yredelemnul.
  5310 | D:7      | XOM: 2-stop teleportation journey
  5623 | D:7      | Reached XP level 9. HP: 67/68 MP: 9/9
  5709 | D:6      | Found Xasez's Magic Scroll Emporium.
  5716 | D:6      | Bought a scroll of identify for 24 gold pieces
  5716 | D:6      | Bought a scroll of identify for 24 gold pieces
  5716 | D:6      | Bought a scroll of teleportation for 36 gold pieces
  5716 | D:6      | Bought a scroll of identify for 24 gold pieces
  5716 | D:6      | Bought a scroll of fog for 48 gold pieces
  5843 | D:6      | XOM: potion effect (brilliance)
  5854 | D:6      | XOM: summons 2 hostile shadow creatures
  5866 | D:6      | Gained mutation: You are frail. (-10% HP) [potion of
                  | mutation]
  5866 | D:6      | Gained mutation: Your magical capacity is low. (-10% MP)
                  | [potion of mutation]
  5866 | D:6      | HP: 4/91 [poisoned by a kobold brigand]
  5867 | D:6      | Succumbed to a kobold brigand's poison

Illustrated notes

Levels and vault maps discovered:
D:1:      scummos_arrival_checkerplants, layout_basic
D:2:      layout_basic, minmay_hexomino_r4
D:3:      layout_basic, shapermc_ecumenical_altar_mp_ritualfount, uniq_robin,
          uniq_jessica, uniq_grinder
D:4:      layout_gridville
D:5:      layout_loops_ring, fedhas_altar_4, minmay_temple_entry_hall, uniq_ijyb
D:6:      layout_basic, serial_shops, shop, hangedman_decor_peaks_small,
          sigmund_edmund_badplayer
D:7:      layout_cave_pools, kennysheep_ying_yang, mainiacjoe_overflow_24_doors
D:8:      layout_layer_cave, uniq_joseph

Skill      XL: |  1  2  3  4  5  6  7  8  9 |
---------------+----------------------------+-----
Long Blades    | 3 4 5 6 7 |  7.5
Dodging        | 1 2 |  2.9
Armour         | 2 3 4 5 6 |  6.0
Fighting       | 4 5 |  5.4
Stealth        | 1 2 |  2.1
Evocations     | 2 |  2.2

Action                     |  1- 3 |  4- 6 |  7- 9 || total
---------------------------+-------+-------+-------++-------
  Melee: Falchion          |   133 |    59 |   239 ||   431
         Tailslap          |    17 |    17 |    41 ||    75
         Punch             |     3 |       |     2 ||     5
         Headbutt          |       |     8 |    47 ||    55
         Touch             |       |       |    50 ||    50
  Evoke: Piece from Xom's  |       |       |     1 ||     1
         Wand              |       |       |     2 ||     2
    Use: Scroll            |     3 |       |     8 ||    11
         Potion            |       |       |     4 ||     4
   Stab: Paralysed         |     1 |       |       ||     1
         Confused          |       |       |     1 ||     1
         Invisible         |       |       |     1 ||     1
         Sleeping          |       |       |     1 ||     1
 Armour: Leather armour    |    19 |       |       ||    19
         Scale mail        |    47 |    38 |    36 ||   121
         Plate armour      |       |       |   131 ||   131
         Skin              |       |       |     2 ||     2
  Dodge: Dodged            |    80 |    20 |    99 ||   199

Table legend: (Time is in decaauts)
 A = Elapsed time spent in this place.
 B = Non-inter-level travel time spent in this place.
 C = Inter-level travel time spent in this place.
 D = Time resting spent in this place.
 E = Time spent auto-exploring this place.
 F = Levels seen in this place.
 G = Mean time per level.
                   A        B        C        D        E       F      G
               +--------+--------+--------+--------+--------+-----+--------+
         Total |   5869 |   5761 |    108 |   1387 |   2800 |   8 |  733.6 |
       Dungeon |   5869 |   5761 |    108 |   1387 |   2800 |   8 |  733.6 |
               +--------+--------+--------+--------+--------+-----+--------+

Top non-repeatable levels by time:
     D:5: 1236 daAuts
     D:4: 1101 daAuts
     D:3: 1056 daAuts
     D:7: 691 daAuts
     D:1: 675 daAuts
     D:2: 574 daAuts
     D:6: 356 daAuts
     D:8: 178 daAuts
